Map: Cerulean Fall LE

Players

Piroxiljin

  • Race: Terran Terran
  • Spawn Location: 7:00

VOD

Have the link to the VOD?

Description

Time

  • Played on: Jan. 15, 2019, 12:23 p.m.
  • Length: 48:19
Show
View Real Time Build Order
Export as new Build Order

Piroxiljin Terran 

Build Orders:  

Get SALT Encoding   

  12  0:02  SCV  
  13  0:21  Supply Depot  
  13  0:26  SCV  
  14  0:43  SCV  
  15  0:58  Barracks  
  15  1:06  SCV  
  16  1:27  SCV  
  17  1:31  Barracks  
  17  1:47  SCV  
  18  2:11  Supply Depot  
  18  2:23  Refinery  
  18  2:24  Orbital Command  
  18  3:03  SCV  
  19  3:27  SCV  
  19  3:28  Barracks  
  20  3:35  Marine  
  20  3:36  Marine  
  22  3:49  SCV  
  23  4:06  Barracks  
  23  4:12  Marine  
  23  4:15  Supply Depot  
  24  4:33  Barracks Reactor  
  24  4:36  Marine  
  24  4:37  Marine  
  26  4:55  Supply Depot  
  26  4:57  Supply Depot  
  26  5:01  Marine  
  26  5:02  Marine  
  28  5:16  Refinery  
  28  5:19  Marine  
  29  5:25  Marine  
  29  5:26  Marine  
  29  5:27  Marine  
  32  5:47  Barracks Reactor  
  32  5:51  Marine  
  32  5:52  Marine  
  34  6:18  Barracks Tech Lab  
  34  6:26  Factory  
  34  6:30  Supply Depot  
  34  6:32  Supply Depot  
  34  6:47  SCV  
  35  6:51  Command Center  
  29  7:09  Marine  
  25  7:10  Marauder  
  25  7:11  Marine x2  
  25  7:13  Marine  
  30  7:20  Marine  
  31  7:34  Factory Tech Lab  
  31  7:40  Marauder  
  31  7:45  Factory, Marine  
  27  8:10  Marauder  
  27  8:13  Hellion  
  27  8:17  Marine x3  
  31  8:21  Marine  
  29  8:40  Marauder  
  29  8:49  SCV  
  32  9:03  Marine x2  
  32  9:06  SCV  
  56  9:10  Marauder  
  35  9:16  SCV  
  38  9:33  SCV  
  38  9:39  Marauder  
  41  9:50  SCV  
  42  10:07  SCV  
  42  10:09  Marauder  
  39  10:37  Command Center, Orbital Command  
  39  10:39  Marauder  
  41  10:41  Marine x2  
  41  10:42  Marine  
  41  10:45  Siege Tank  
  41  10:49  Factory Reactor  
  47  10:57  Factory Tech Lab  
  47  11:16  SCV  
  48  11:30  Siege Tank, Marine x3  
  48  11:32  Marauder  
  48  11:33  SCV  
  48  11:39  Unknown  
  57  11:49  Siege Tank  
  60  12:02  Marauder  
  60  12:08  Supply Depot  
  62  12:13  Supply Depot  
  62  12:15  Siege Tank  
  65  12:32  Marauder  
  65  12:34  Siege Tank  
  65  12:37  Marine x3  
  73  12:41  Supply Depot  
  73  12:45  Supply Depot  
  73  12:51  SCV  
  73  12:55  Engineering Bay  
  74  13:02  Marauder  
  74  13:08  SCV  
  67  13:32  Marauder  
  63  13:59  SCV  
  64  14:02  Marauder  
  66  14:16  SCV  
  66  14:19  Supply Depot  
  67  14:53  SCV  
  67  14:57  Terran Infantry Weapons Level 1  
  68  15:11  SCV, Starport  
  68  15:14  SCV  
  70  15:29  Supply Depot x2  
  70  15:32  SCV, Supply Depot x2  
  70  15:39  Marine  
  72  15:41  Marauder  
  72  15:46  Barracks Tech Lab  
  72  15:49  SCV  
  75  15:54  Siege Tank  
  75  15:55  Siege Tank  
  81  16:01  Supply Depot  
  81  16:11  Marauder  
  81  16:18  Missile Turret  
  83  16:24  SCV  
  83  16:29  Widow Mine  
  84  16:30  Widow Mine  
  84  16:39  Starport Tech Lab  
  86  16:41  SCV  
  86  16:46  SCV  
  90  16:51  Missile Turret  
  90  16:58  Refinery  
  90  16:59  Refinery, Widow Mine  
  90  17:03  SCV  
  93  17:10  Siege Tank  
  96  17:25  Missile Turret  
  96  17:36  Armory  
  96  17:39  Siege Tank  
  99  17:45  Concussive Shells  
  99  17:53  Marauder  
  99  17:55  Cyclone  
  102  18:23  Marauder  
  102  18:24  Cyclone  
  104  18:53  Marauder  
  106  19:14  Sensor Tower  
  106  19:18  Widow Mine  
  106  19:19  Widow Mine  
  110  19:36  Medivac  
  112  19:52  Refinery  
  112  19:54  Refinery  
  112  19:55  SCV  
  112  19:58  Siege Tank x2  
  119  20:12  SCV  
  119  20:13  Marauder x2  
  124  20:43  Cyclone, Thor  
  133  20:50  Planetary Fortress  
  133  20:53  Command Center  
  133  21:47  SCV  
  134  22:04  SCV  
  134  22:08  Siege Tank  
  134  22:09  Siege Tank  
  141  22:38  Factory  
  141  22:53  Thor  
  141  22:54  Thor  
  153  23:17  Sensor Tower  
  153  23:28  Marauder  
  153  23:29  Marauder, Marine  
  158  23:30  Marine  
  158  23:31  Marine  
  158  23:34  Siege Tank  
  160  23:43  Widow Mine  
  160  23:49  SCV  
  159  23:54  Siege Tank, Marine  
  159  23:58  Marauder  
  137  24:23  Thor  
  142  25:07  SCV  
  143  25:20  Thor  
  143  25:23  Thor  
  143  25:26  Siege Tank x4  
  143  25:27  Siege Tank x3  
  143  25:29  Factory Tech Lab  
  155  25:50  Sensor Tower  
  155  26:20  Siege Tank  
  155  26:23  Siege Tank  
  155  26:27  Thor  
  167  26:32  Marine x3  
  167  26:33  Marauder  
  167  26:34  Marauder  
  174  26:57  Marine x3  
  174  26:58  Widow Mine  
  177  27:03  Marine x2  
  177  27:05  Thor  
  187  27:22  Marine x3  
  187  27:27  Thor  
  196  27:49  Supply Depot  
  196  27:54  Supply Depot  
  196  27:55  Supply Depot  
  196  27:57  Refinery  
  196  27:58  Supply Depot  
  196  28:02  Refinery  
  196  28:09  Widow Mine  
  196  28:14  SCV  
  196  28:19  Marine x2  
  200  28:24  Marine  
  200  28:25  SCV  
  200  28:26  Marine  
  200  28:29  SCV, Marine  
  200  28:31  SCV  
  190  28:48  SCV  
  188  29:20  SCV  
  189  29:37  SCV  
  190  29:49  Siege Tank  
  190  31:49  Siege Tank x2  
  196  31:51  Cyclone  
  199  33:29  Siege Tank x6  
  199  33:48  SCV  
  180  37:11  Siege Tank  
  180  37:12  Siege Tank x6  
  105  39:04  Thor x3  
  123  39:19  Siege Tank x2  
  94  39:43  Marine x2  
  94  39:44  Marine x2  
  92  40:04  Thor  
  98  40:26  Missile Turret  
  98  40:49  Missile Turret  
  98  40:50  SCV  
  98  40:52  Missile Turret x2  
  98  40:56  Missile Turret, Thor x2  
  111  41:04  Thor  
  111  41:07  SCV  
  118  41:28  Missile Turret  
  118  41:32  Barracks Reactor, Marine x3  
  121  41:56  Missile Turret, Thor x2  
  121  41:57  Marine x2  
  135  42:18  Command Center  
  135  42:24  Fusion Core  
  135  42:37  Terran Infantry Weapons Level 2  
  135  42:39  SCV  
  136  43:04  Thor x3  
  154  43:18  Factory  
  151  44:04  Thor x3  
  78  44:45  Missile Turret  
  78  45:00  SCV  
  78  45:04  Thor x2  
  97  45:17  SCV  
  68  45:51  Hellbat  
  69  46:04  Thor x2  
  77  46:29  Factory Tech Lab  
  67  47:08  Engineering Bay  
Tags
 
Add a new tag
Caveats
  • Supply blocks, unpowered buildings, or Contaminate may cause inaccurate times.
  • Supply counts are checked every 10 seconds.